 Dungeon Crawl Stone Soup version 0.28.0-53-g5a82cb258f (webtiles) character file.

Game seed: 15740197905101998858

261 DemonSlayer the Firebug (level 5, -10/32 (36) HPs)
             Began as a Demonspawn Fire Elementalist on July 21, 2022.
             Mangled by a wight
             ... wielding a +4 long sword
              (14 damage)
             ... on level 4 of the Dungeon.
             The game lasted 00:08:42 (5150 turns).

DemonSlayer the Firebug (DsFE)                      Turns: 5150, Time: 00:08:42

HP:   -10/32 (36)   AC:  6    Str:  8    XL:     5   Next: 96%
MP:   1/10          EV: 12    Int: 18    God:
Gold: 137           SH:  0    Dex: 14    Spells: 0/10 levels left

rFire   . . .      SeeInvis .   c - +0 short sword
rCold   . . .      Faith    .   (no shield)
rNeg    . . .      Spirit   .   a - +0 robe
rPois   .          Reflect  .   (no helmet)
rElec   .          Harm     .   p - +0 cloak
rCorr   .          Rampage  .   (no gloves)
Will    .....                   i - +0 pair of boots
Stlth   ++........              (no amulet)
HPRegen 0.90/turn               (no ring)
MPRegen 0.12/turn               (no ring)

@: flying, heavily drained
A: molten scales 1, deterioration 1, regeneration 1
a: no special abilities


You were on level 4 of the Dungeon.
You visited 1 branch of the dungeon, and saw 4 of its levels.

You collected 137 gold pieces.

Inventory:

Hand Weapons
 c - a +0 short sword (weapon)
 t - a +3 morningstar
Armour
 a - a +0 robe (worn)
 i - a +0 pair of boots (worn)
 p - a +0 cloak (worn)
Wands
 n - a wand of polymorph (4)
Scrolls
 b - a scroll of amnesia {unknown}
 d - 2 scrolls of teleportation {unknown}
 e - 2 scrolls of fear {unknown}
 f - 2 scrolls of enchant weapon {unknown}
 g - a scroll of torment {unknown}
 k - a scroll of noise {unknown}
 s - a scroll of identify {unknown}
Potions
 h - a potion of ambrosia {unknown}
 j - a potion of flight
 l - 2 potions of mutation
 m - a potion of heal wounds {unknown}
 o - a potion of magic {unknown}
 q - 2 potions of brilliance {unknown}
 r - a potion of degeneration {unknown}


   Skills:
 + Level 0.7 Fighting
 + Level 1.6 Short Blades
 + Level 2.2 Dodging
 + Level 2.2 Stealth
 + Level 3.4 Spellcasting
 + Level 2.4 Conjurations
 + Level 3.8 Fire Magic


You couldn't memorise any spells.
You knew the following spells:

 Your Spells              Type           Power      Damage    Failure   Level
a - Foxfire               Conj/Fire      56%        2x1d6     4%          1
b - Scorch                Fire           34%        2d7       4%          2
c - Conjure Flame         Conj/Fire      14%        6-21      13%         3
d - Flame Wave            Conj/Fire      14%        2d6       38%         4

Your spell library contained the following spells:

 Spells                   Type           Power      Damage    Failure   Level
 Magic Dart               Conj           44%        1d5       6%          1
 Shock                    Conj/Air       28%        1d4       10%         1
 Freeze                   Ice            12%        1d4       16%         1
 Inner Flame              Hex/Fire       10%        N/A       22%         3
 Sublimation of Blood     Necr           3%         N/A       24%         2
 Wereblood                Tmut           3%         N/A       24%         2
 Swiftness                Air            3%         N/A       43%         3
 Fireball                 Conj/Fire      7%         3d5       75%         5
 Airstrike                Air            1%         N/A       83%         4
 Spellforged Servitor     Conj/Summ      3%         N/A       100%        7
 Summon Hydra             Summ           1%         N/A       100%        7


Dungeon Overview and Level Annotations

Branches:
Dungeon (4/15)
 Temple: D:4-7

Altars:
Trog


Innate Abilities, Weirdness & Mutations

You are partially covered in molten scales. (AC +2)
Your body sometimes deteriorates upon taking damage.
Your natural rate of healing is unusually fast.


Message History

You destroy the wight!
A wight is nearby!
A wight is nearby!
Things that are here:
a +3 morningstar; a +0 robe
t - a +3 morningstar Flames lash the wight.
The wight is moderately damaged.
The wight's fire resistance burns away.
You don't have enough magic to cast this spell.
You closely miss the wight.
The wight is moderately damaged.
The wight barely misses you.
You don't have enough magic to cast this spell.
You hit the wight.
The wight is heavily damaged.
The wight is no longer more vulnerable to fire.
The wight barely misses you.
You closely miss the wight.
The wight is heavily damaged.
The wight closely misses you.
Flames lash the wight.
The wight is severely damaged.
The wight's fire resistance burns away.
The wight hits you with a +4 long sword!
You feel drained.
You barely miss the wight.
The wight is severely damaged.
The wight hits you with a +4 long sword!
You feel drained.
The wight is no longer more vulnerable to fire.
It was a potion of mutation.
You feel extremely strange.
You feel yourself wasting away.
You begin to heal more quickly.
The wight hits you with a +4 long sword!
* * * LOW HITPOINT WARNING * * *
It was a potion of flight.
You feel very buoyant.
You fly up into the air.
The wight hits you with a +4 long sword!
You die...

.. ..... # #.#
.... #.#.. ...
#.#..##..# ###
........ ..#
#..... #.#
#.#.#####.##
#......z@..#####.
###.#####..!.....
#.#####.....###
#...
#..[....#####
...... ######<..#
##..#.. #...#
#.#..#. #...#
#.#... #...#
.....# #...#
o###....


You could see a wight.

Vanquished Creatures
  A wight (D:4)
  A jelly (D:4)
  Crazy Yiuf (D:2)
  An iguana (D:2)
  Terence (D:2)
  3 adders
  A worm (D:2)
  A dart slug (D:2)
  3 orcs (D:3)
  5 endoplasms
  3 giant cockroaches
  9 hobgoblins
  10 jackals
  2 quokkas
  7 ball pythons
  9 bats
  A frilled lizard (D:1)
  4 goblins
  7 kobolds
  4 rats (D:1)
74 creatures vanquished.

Vanquished Creatures (others)
  182 foxfires
182 creatures vanquished.

Grand Total: 256 creatures vanquished

Notes
Turn   | Place    | Note
-------+----------+-------------------------------------------
     0 | D:1      | DemonSlayer the Demonspawn Fire Elementalist began the
                  | quest for the Orb.
     0 | D:1      | Reached XP level 1. HP: 13/13 MP: 3/3
   324 | D:1      | Gained mutation: You are partially covered in molten
                  | scales. (AC +2) [demonic ancestry]
   324 | D:1      | Reached XP level 2. HP: 5/19 MP: 0/5
  1316 | D:1      | Reached XP level 3. HP: 24/24 MP: 4/6
  1319 | D:1      | Learned a level 2 spell: Scorch
  1662 | D:1      | Learned a level 3 spell: Conjure Flame
  1685 | D:2      | Noticed Terence
  1693 | D:2      | Killed Terence
  1694 | D:2      | Reached skill level 1 in Short Blades
  1853 | D:2      | Reached XP level 4. HP: 30/30 MP: 1/7
  2013 | D:2      | Found a runed translucent door.
  2014 | D:2      | Noticed Crazy Yiuf
  2047 | D:2      | You fall into a shaft and drop 2 floors!
  2239 | D:4      | Noticed an orc warrior
  2642 | D:2      | Reached XP level 5. HP: 14/36 MP: 0/9
  2990 | D:2      | Found a faded altar of an unknown god.
  3468 | D:2      | Killed Crazy Yiuf
  3648 | D:3      | Found a bloodstained altar of Trog.
  4422 | D:3      | Got Cupuneell's Disquisition on Icy Confrontation
  4901 | D:3      | Learned a level 4 spell: Flame Wave
  5149 | D:4      | Gained mutation: Your body sometimes deteriorates upon
                  | taking damage. [potion of mutation]
  5149 | D:4      | Gained mutation: Your natural rate of healing is unusually
                  | fast. [potion of mutation]
  5150 | D:4      | Mangled by a wight

Illustrated notes

Levels and vault maps discovered:
D:1:      onia_arrival_pyramid, layout_loops_cross,
          chequers_serial_rivers_micro_e
D:2:      layout_loops_ring, hellmonk_ecumenical_altar_prayer_group,
          minmay_pentomino_w4, uniq_terence, uniq_crazy_yiuf_cottage
D:3:      layout_basic, bloody_trog, serial_aquarium, aquarium_bridge_straight
          [aquarium_subvault_bridge, aquarium_subvault_wall,
          aquarium_subvault_bridge, aquarium_subvault_wall],
          aquarium_bridge_square [aquarium_subvault_bridge,
          aquarium_subvault_bridge, aquarium_subvault_balcony,
          aquarium_subvault_window], aquarium_window_1, aquarium_window_fake,
          aquarium_window_fake, aquarium_window_fake, aquarium_view_2c,
          aquarium_view_2f, aquarium_balcony_1a
D:4:      layout_loops_cross, minmay_increasing_density, uniq_menkaure

Skill      XL: |  1  2  3  4  5 |
---------------+----------------+-----
Fire Magic     | 3 |  3.8
Dodging        | 2 |  2.2
Short Blades   | 1 |  1.6
Conjurations   | 2 |  2.4
Spellcasting   | 3 |  3.4
Stealth        | 2 |  2.2
Fighting       | |  0.7

Action                   |  1- 3 |  4- 6 || total
-------------------------+-------+-------++-------
Melee: Short sword       |    57 |    53 ||   110
       Unarmed           |     1 |       ||     1
       Punch             |       |     2 ||     2
 Cast: Foxfire           |    68 |    52 ||   120
       Scorch            |       |    23 ||    23
  Use: Potion            |       |     2 ||     2
 Stab: Sleeping          |       |     1 ||     1
Armor: Robe              |    39 |    21 ||    60
Dodge: Dodged            |    59 |    42 ||   101
